 Dungeon Crawl Stone Soup version 0.18-a0-750-g37044d6 (webtiles) character file.

266091 M4edhros the Unseen (level 20, -1/128 HPs)
             Began as an Octopode Artificer on Dec 11, 2015.
             Was a High Priest of Fedhas.
             Slain by a spark wasp simulacrum (8 damage)
             ... summoned by a vampire mage
             ... on level 2 of the Depths.
             The game lasted 02:38:20 (45005 turns).

M4edhros the Unseen (Octopode Artificer)           Turns: 45005, Time: 02:38:25

Health: -1/128     AC: 15    Str: 14    XL:     20   Next: 49%
Magic:  0/31       EV: 26    Int: 21    God:    Fedhas [*****.]
Gold:   3652       SH: 13    Dex: 11    Spells: 9 memorised, 5 levels left

rFire  . . .     SeeInvis .     J - +6 quick blade (venom)
rCold  + + .     Rnd*Rage +     S - +1 shield {AC+3}
rNeg   . . .     SustAt   .     (helmet restricted)
rPois  +         Gourm    .     l - amulet of guardian spirit
rElec  .         Spirit   +     U - ring "Sueziw" {+Fly rC++ Str+3 Int-4 Dex+2}
rCorr  .         Dismiss  .     G - +4 ring of protection
rMut   .         Stasis   .     p - +3 ring of slaying
MR     +++..                    C - ring "Qilomeuwn" {Dex-4 Slay+3 Stlth+}
Stlth  +++++++++.               y - +6 ring of evasion
                                g - ring of the Mage {Wiz MR++ Int+3}
                                j - +4 ring of protection
                                B - +4 ring of evasion

@: very slightly contaminated, regenerating (expiring), hasted, repel missiles,
very quick, extremely resistant to hostile enchantments, incredibly stealthy
A: almost no armour, amphibious, 8 rings, constrict 8, antennae 2, icy blue
scales 2, camouflage 1, berserk 1, mutation resistance 1, poison resistance,
wild magic 1, gelatinous body 1
a: Evolution, Sunlight, Growth, Reproduction, Rain, Renounce Religion, Evoke
Flight
}: 1/15 runes: serpentine


You were on level 2 of the Depths.
You worshipped Fedhas.
Fedhas was extremely pleased with you.
You were not hungry.

You visited 7 branches of the dungeon, and saw 37 of its levels.
You also visited: Labyrinth and Volcano.

You collected 4502 gold pieces.
You spent 850 gold pieces at shops.

Inventory:

Hand Weapons
 x - the +2 hunting sling of Sharkskin {venom, rF+}
   (You found it on level 8 of the Dungeon)

   It poisons the ammo it fires.
   It protects you from fire.
 J - a +6 quick blade of venom (weapon)
 P - the +11 hunting sling "Segicram" {velocity, rF- Int+5}
   (You acquired it on level 12 of the Dungeon)

   Any stone fired from it inflicts extra damage.
   It affects your intelligence (+5).
   It makes you vulnerable to fire.
Missiles
 f - 224 stones (quivered)
 O - 60 sling bullets
Armour
 S - a +1 shield of protection (worn)
Magical Staves
 z - an uncursed staff of energy
Rods
 a - a +8 rod of inaccuracy (6/17)
   (You took it off a minotaur in a labyrinth)
Jewellery
 g - the ring of the Mage (on tentacle) {Wiz MR++ Int+3}
   (You took it off a minotaur in a labyrinth)

   [ring of wizardry]

   It improves your spell success rate.
   It affects your intelligence (+3).
   It affects your resistance to hostile enchantments.
 j - a +4 ring of protection (on tentacle)
 l - an amulet of guardian spirit (around mantle)
 m - an uncursed ring of invisibility
 p - a +3 ring of slaying (on tentacle)
 y - a +6 ring of evasion (on tentacle)
 B - a +4 ring of evasion (on tentacle)
 C - the ring "Qilomeuwn" (on tentacle) {Dex-4 Slay+3 Stlth+}
   (You found it on level 10 of the Dungeon)

   [ring of dexterity]

   It affects your dexterity (-4).
   It affects your accuracy and damage with ranged weapons and melee attacks
   (+3).
   It makes you more stealthy.
 G - a +4 ring of protection (right tentacle)
 H - an uncursed ring of protection from fire
 U - the ring "Sueziw" (left tentacle) {+Fly rC++ Str+3 Int-4 Dex+2}
   (You found it on level 3 of the Elven Halls)

   [ring of flight]

   It affects your strength (+3).
   It affects your intelligence (-4).
   It affects your dexterity (+2).
   It greatly protects you from cold.
   It lets you fly.
Wands
 d - a wand of teleportation (4)
 n - a wand of draining (6)
 s - a wand of lightning (8)
 v - a wand of digging (10)
 K - a wand of draining (11)
 V - a wand of enslavement (9)
 W - a wand of paralysis (4)
 Y - a wand of fire (4)
Scrolls
 c - a scroll of amnesia
 h - 9 scrolls of fog
 r - 16 scrolls of teleportation
 w - a scroll of remove curse
 Q - 21 scrolls of identify
Potions
 i - 3 potions of haste
 o - a potion of magic
 E - 3 potions of agility
 F - 7 potions of curing
 I - a potion of resistance
 M - 5 potions of might
Books
 T - a book of the Dragon

   Spells                             Type                      Level
   a - Flame Tongue                   Conjuration/Fire             1
   b - Cause Fear                     Hexes                        4
   c - Bolt of Fire                   Conjuration/Fire             6
   d - Dragon Form                    Transmutation                7
   e - Dragon's Call                  Summoning                    9
Miscellaneous
 D - a lantern of shadows
 R - a stone of tremors
 Z - a fan of gales
Comestibles
 b - 4 beef jerkies
 e - 16 bread rations
 q - 17 fruits


   Skills:
 + Level 8.8 Fighting
 + Level 2.8 Short Blades
 - Level 12.3 Slings
 * Level 11.3 Dodging
 + Level 16.0 Stealth
 * Level 14.0 Shields
 * Level 7.6 Spellcasting
 + Level 4.3 Conjurations
 * Level 9.1 Charms
 - Level 5.1 Summonings
 - Level 5.7 Necromancy
 + Level 7.0 Translocations
 * Level 9.5 Air Magic
 + Level 3.3 Poison Magic
 + Level 11.9 Invocations
 * Level 15.4 Evocations


You had 5 spell levels left.
You knew the following spells:

 Your Spells              Type           Power        Failure   Level  Hunger
a - Regeneration          Chrm/Necr      ######....   1%          3    None
b - Recall                Summ/Tloc      N/A          2%          3    None
c - Phase Shift           Tloc           ######....   12%         5    #####..
d - Song of Slaying       Chrm           ######..     1%          2    None
e - Repel Missiles        Chrm/Air       ######       1%          2    None
f - Swiftness             Chrm/Air       ######..     1%          2    None
g - Deflect Missiles      Chrm/Air       ######....   22%         6    ######.
h - Mephitic Cloud        Conj/Pois/Air  #####...     2%          3    None
i - Summon Guardian Gole  Hex/Summ       ####....     9%          3    None


Dungeon Overview and Level Annotations

Branches:
Dungeon (15/15) Temple (1/1) D:6 Lair (8/8) D:11 Shoals (0/4) Lair:4 Snake (4/4) Lair:6 Slime (0/6) Lair:7 Orc (4/4) D:11 Elf (3/3) Orc:3 Vaults (0/5) D:12 D:13 Depths (2/5) D:15

Altars:
Ashenzari
Cheibriados
Dithmenos
Elyvilon
Fedhas
Gozag
Kikubaaqudgha
Makhleb
Nemelex Xobeh
Okawaru
Pakellas
Qazlal
Ru
Sif Muna
Trog
Vehumet
Xom
Yredelemnul
Zin
The Shining One
Beogh
Jiyva

Shops:
D:4 !   D:8 [   D:12 [   D:13 ?   D:14 [   Orc:2 *   Orc:4 (?([

Portals:
Hell: Depths:1
Abyss: Depths:1
Trove: D:12 (give 23 scrolls of identify)

Annotations:
D:3 M4edhros's ghost, weakling OpAr
Snake:4 Vashnia
Elf:1 Aizul
Elf:2 exclusion: orange crystal statue


Innate Abilities, Weirdness & Mutations

You cannot wear most types of armour.
You are amphibious.
You can wear up to eight rings at the same time.
You can use your tentacles to constrict eight enemies at once.
Your skin changes colour to match your surroundings (Stealth).
Your rubbery body absorbs attacks (AC +1).
You have a pair of antennae on your head.
You are mostly covered in icy blue scales (AC +3, EV -1).
You tend to lose your temper in combat.
You are somewhat resistant to further mutation.
Your system is resistant to poisons.
Your spells are a little harder to cast, but a little more powerful.


Message History

You puncture the slime creature!
You kill the slime creature!
You constrict the vampire mage. You block the vampire mage's attack.
The vampire mage completely misses you.
The spark wasp simulacrum hits you but does no damage.
Unknown command.
Unknown command.
Unknown command.
Press: ? - help, v - describe, . - travel
Here: a spark wasp simulacrum (summoned, haloed)
The floor.
Drink which item? (? for menu, Esc to quit)
You feel yourself speed up.
You constrict the vampire mage! You block the vampire mage's attack.
The vampire mage bites you but does no damage.
The spark wasp simulacrum hits you!!
* * * LOW HITPOINT WARNING * * *
The spark wasp simulacrum freezes you! You resist.
You die...
Fedhas appreciates your contribution to the ecosystem.

###########..
.!...........
................
§.§†...........#
§(.†ZZ.........#
§§...z.........#
....CZ.........#
.............ZZ####
............uZZZ@.#{
.............QZV..#
###########.c######
#..# {


You could see a cyan very ugly thing, a tengu warrior, a vampire mage
(invisible), a yaktaur, a spectral fire giant, a spectral frost giant, a spark
wasp simulacrum, a fire giant zombie, a tengu zombie and a spriggan skeleton.

Vanquished Creatures
  Norris (D:13)
  A lich (Depths:1)
  Rupert (Depths:1)
  2 deep elf blademasters (Elf:3)
  2 deep elf master archers (Elf:3)
  A sphinx (D:13)
  9 greater nagas
  Wiglaf (Depths:1)
  8 deep elf sorcerers (Elf:3)
  Donald (D:13)
  2 draconian knights (Depths:1)
  A frost giant (Depths:1)
  3 spriggan defenders (Depths:1)
  A stone giant (Depths:2)
  4 very ugly things
  3 deep elf demonologists
  9 deep elf annihilators (Elf:3)
  An ettin (Depths:1)
  6 deep elf death magi (Elf:3)
  A death ooze (Lair:8)
  A minotaur (Lab)
  Harold (D:10)
  4 fire dragons
  12 great orbs of eyes
  2 catoblepae
  2 deep elf high priests (Elf:3)
  2 ice dragons
  17 naga warriors
  8 hydras
  An entropy weaver (Depths:1)
  A spriggan air mage (Depths:1)
  A rakshasa (Depths:1)
  Erica (D:10)
  The ghost of 4thArraOfDagon the Gouger, a journeyman FeFi of Makhleb (Elf:3)
  7 centaur warriors
  13 anacondas
  4 orc high priests (Orc:4)
  11 death yaks
  An ogre mage (Orc:4)
  4 tengu warriors
  Urug (D:12)
  18 naga sharpshooters
  6 deep elf knights
  11 shock serpents
  A sun demon (Volcano)
  6 salamander mystics
  5 wandering mushrooms
  6 hell knights (Depths:1)
  A sea snake (shapeshifter) (D:14)
  7 hill giants
  6 orc knights
  7 naga ritualists
  An unseen horror (D:13)
  2 deep elf summoners (Elf:2)
  A harpy (shapeshifter) (D:13)
  3 lindwurms
  A wolf spider (D:13)
  17 mana vipers
  An orc sorcerer (Elf:2)
  12 deep elf conjurers
  3 griffons
  4 cyclopes
  A manticore (D:15)
  45 black mambas
  19 ugly things
  A wizard (D:12)
  7 salamanders
  19 naga magi
  12 guardian serpents
  2 toenail golems (Volcano)
  19 spiny frogs
  An efreet (D:13)
  9 komodo dragons
  2 kobold demonologists
  7 fire drakes
  A gargoyle (D:15)
  A yaktaur (Depths:1)
  A red devil (Volcano)
  6 deep elf priests
  A freezing wraith (D:13)
  2 polar bears
  6 trolls
  23 blink frogs
  4 boulder beetles
  A two-headed ogre (D:14)
  7 slime creatures
  2 wraiths (D:13)
  3 air elementals (Depths:1)
  A trapdoor spider (D:13)
  4 basilisks
  9 deep elf fighters
  4 fire bats
  36 yaks
  13 humans
  12 deep elf magi
  10 wolves
  A wyvern (D:12)
  13 hippogriffs
  12 vampire mosquitoes
  2 hungry ghosts
  7 wargs
  5 mottled dragons
  2 steam dragons
  49 nagas
  12 ogres
  13 water moccasins
  An ice beast (D:14)
  2 phantoms
  18 porcupines
  34 orc warriors
  A wasp (D:10)
  A black bear (Lair:5)
  A sky beast (D:10)
  2 eyes of draining
  2 big kobolds (D:12)
  12 centaurs
  21 crocodiles
  25 giant frogs
  A gnoll sergeant (D:8)
  4 scorpions
  16 killer bees
  12 wights
  7 crimson imps
  7 electric eels
  6 lava snakes (Volcano)
  5 iguanas
  41 orc priests
  8 jellies
  3 giant frog skeletons (D:8)
  A quasit (D:9)
  8 centaur skeletons
  2 hounds
  3 iron imps (D:8)
  23 orc wizards
  10 worker ants
  11 sheep
  A hound zombie (D:5)
  A hound skeleton (D:8)
  7 gnolls (D:8)
  65 river rats
  15 adders
  14 oozes
  An adder skeleton (D:10)
  2 worms
  153 orcs
  5 giant cockroaches
  10 goblins
  8 hobgoblins
  9 quokkas
  A ball python skeleton (D:5)
  14 bats
  9 giant geckos
  2 giant gecko skeletons
  4 giant newts
  19 jackals
  14 kobolds
  8 rats
  9 ballistomycetes
  5 giant spores
  A toadstool (Snake:4)
1344 creatures vanquished.

Vanquished Creatures (collateral kills)
  A deep elf master archer (Elf:3)
  Frances (D:12)
  Agnes (Snake:4)
  3 deep elf sorcerers (Elf:3)
  A deep elf demonologist (Elf:3)
  A deep elf annihilator (Elf:3)
  An ice dragon (D:15)
  2 hydras
  4 anacondas
  An orc high priest (Orc:4)
  3 death yaks
  2 shock serpents
  A naga sharpshooter (Snake:4)
  2 salamander mystics (Snake:4)
  A deep elf knight (Elf:3)
  An unseen horror (D:10)
  3 naga ritualists
  A hill giant (D:13)
  3 orc knights
  2 deep elf summoners
  A lindwurm (Snake:4)
  4 ugly things
  2 cyclopes
  3 salamanders
  A griffon (D:13)
  A naga mage (Snake:3)
  4 black mambas
  A guardian serpent (Snake:1)
  A centaur zombie (D:12)
  2 gargoyles
  2 centaur skeletons (D:12)
  3 spiny frogs
  A komodo dragon (Lair:4)
  A deep elf priest (Elf:3)
  A merfolk (D:11)
  A troll (D:12)
  A blink frog (Lair:7)
  2 two-headed ogres (D:8)
  6 yaks
  A deep elf mage (Elf:3)
  A wyvern (D:12)
  A basilisk (D:8)
  2 humans
  A deep elf fighter (Elf:3)
  2 hippogriffs
  A wolf (Lair:1)
  2 vampire mosquitoes (D:12)
  3 wargs
  2 hungry ghosts (D:8)
  5 nagas
  3 ice beasts
  2 sky beasts
  7 orc warriors
  A wasp (D:8)
  2 phantoms
  4 water moccasins
  2 ogres
  2 crocodiles (Lair:6)
  2 big kobolds
  3 killer bees
  2 wyvern skeletons
  6 wights
  A hound (D:8)
  4 orc priests
  An iguana (D:11)
  2 jellies
  A giant frog skeleton (D:13)
  A worker ant (D:11)
  7 orc wizards
  2 sheep (D:12)
  A worker ant zombie (D:9)
  7 river rats
  11 orcs
  24 giant spores
  3 hyperactive ballistomycetes
195 creatures vanquished.

Vanquished Creatures (others)
  2 oklob plants (Elf:3)
  A deep elf knight (Elf:3)
  An unseen horror (D:13)
  A lindwurm (Snake:4)
  2 naga magi (Snake:4)
  2 black mambas
  2 demonic crawlers (D:15)
  2 deep elf fighters
  2 wolves (Lair:7)
  A porcupine (Lair:6)
  A necrophage (D:9)
  61 wandering mushrooms
  A jelly (D:9)
  A worker ant zombie (D:7)
  70 ballistomycetes
  28 fungi
  20 giant spores
  5 hyperactive ballistomycetes
  14 plants
  1480 toadstools
1697 creatures vanquished.

Grand Total: 3236 creatures vanquished

Notes
Turn   | Place    | Note
--------------------------------------------------------------
     0 | D:1      | M4edhros the Octopode Artificer began the quest for the Orb.
     0 | D:1      | Reached XP level 1. HP: 13/13 MP: 3/3
   143 | D:2      | Reached XP level 2. HP: 8/18 MP: 4/4
   521 | D:2      | Reached XP level 3. HP: 21/23 MP: 5/5
  1001 | D:3      | Noticed M4edhros's ghost (weakling OpAr)
  1009 | D:3      | Reached skill level 4 in Evocations
  1281 | D:4      | Noticed an ogre
  1286 | D:4      | Killed an ogre
  1286 | D:4      | Reached skill level 5 in Stealth
  1286 | D:4      | Reached XP level 4. HP: 28/28 MP: 7/7
  1286 | D:4      | Reached XP level 5. HP: 33/33 MP: 8/8
  1294 | D:4      | Found Nebiwnam's Distillery.
  1299 | D:4      | Bought a potion of heal wounds for 50 gold pieces
  1438 | D:4      | Noticed an ogre
  1445 | D:4      | Killed an ogre
  1445 | D:4      | Reached skill level 6 in Stealth
  1445 | D:4      | Reached skill level 5 in Evocations
  1445 | D:4      | Reached XP level 6. HP: 38/38 MP: 8/10
  2393 | D:5      | Entered Level 5 of the Dungeon
  2586 | D:5      | Reached skill level 7 in Stealth
  2714 | D:5      | Reached XP level 7. HP: 36/43 MP: 11/11
  2850 | D:6      | Found a staircase to the Ecumenical Temple.
  2856 | Temple   | Entered the Ecumenical Temple
  2983 | Temple   | Became a worshipper of Fedhas Madash
  3860 | D:1      | Reached * piety under Fedhas
  4210 | D:2      | Found a white marble altar of Elyvilon.
  4639 | D:3      | Found an oddly glowing altar of Pakellas.
  4648 | D:3      | Reached skill level 1 in Slings
  4652 | D:3      | Reached skill level 8 in Stealth
  4886 | D:6      | Reached skill level 1 in Invocations
  5013 | D:6      | Reached XP level 8. HP: 48/48 MP: 13/13
  5487 | D:6      | Found a sacrificial altar of Ru.
  5627 | D:7      | Reached ** piety under Fedhas
  5757 | D:7      | Found a shimmering altar of Xom.
  5902 | D:7      | Found a bloodstained altar of Trog.
  5902 | D:7      | Found a deep blue altar of Sif Muna.
  5963 | D:7      | Reached skill level 9 in Stealth
  6308 | D:7      | Reached XP level 9. HP: 33/53 MP: 14/14
  6734 | D:8      | Found Qaril's Armour Shoppe.
  6739 | D:8      | Bought a cursed +0 shield for 15 gold pieces
  7273 | D:8      | Reached skill level 1 in Shields
  7472 | D:8      | Noticed a komodo dragon
  7480 | D:8      | Killed a komodo dragon
  7480 | D:8      | Reached skill level 10 in Stealth
  7724 | D:8      | Noticed a cyclops
  7724 | D:8      | Noticed a gargoyle
  7733 | D:8      | Reached skill level 5 in Dodging
  7795 | D:8      | Killed a gargoyle
  7795 | D:8      | Reached skill level 5 in Invocations
  7795 | D:8      | Reached XP level 10. HP: 39/58 MP: 14/16
  7795 | D:8      | Killed a cyclops
  7836 | D:8      | Killed an orc warrior
  7851 | D:8      | Reached skill level 5 in Slings
  7865 | D:8      | Got a twisted longbow
  7868 | D:8      | Got a warped hunting sling
  7869 | D:8      | Identified the cursed +2 hunting sling of Sharkskin {venom, rF+} (You found it on level 8 of the Dungeon)
  8055 | D:8      | Noticed a hill giant
  8063 | D:8      | Killed a hill giant
  8553 | D:8      | Found a burning altar of Makhleb.
  8662 | D:8      | Reached *** piety under Fedhas
  9065 | D:9      | Reached skill level 11 in Stealth
  9352 | D:9      | Reached skill level 5 in Shields
  9516 | D:9      | Found a radiant altar of Vehumet.
  9661 | D:9      | Found a glowing silver altar of Zin.
 10083 | D:10     | Entered Level 10 of the Dungeon
 10108 | D:10     | Got a smoking bone ring
 10132 | D:10     | Identified the cursed ring "Qilomeuwn" {Dex-4 Slay+3 Stlth+} (You found it on level 10 of the Dungeon)
 10237 | D:10     | Reached XP level 11. HP: 44/63 MP: 17/17
 10419 | D:10     | Noticed Erica
 10431 | D:10     | Killed Erica
 10442 | D:10     | Identified the +8 longbow "Xacvudur" {flame, rF+ Str+5} (You found it on level 8 of the Dungeon)
 10494 | D:10     | Noticed Harold
 10516 | D:10     | Killed Harold
 10710 | D:10     | Noticed an unseen horror
 10712 | D:10     | Killed an unseen horror
 11141 | D:10     | Reached **** piety under Fedhas
 11250 | D:11     | Noticed a four-headed hydra
 11262 | D:11     | Killed a four-headed hydra
 11511 | D:11     | Found a staircase to the Lair.
 11700 | D:11     | Gained mutation: You passively map a small area around you. [mutagenic meat]
 11751 | D:11     | Reached skill level 12 in Stealth
 11775 | D:11     | Gained mutation: You are resistant to hostile enchantments. [mutagenic meat]
 11776 | D:11     | Gained mutation: You are partially covered in icy blue scales (AC +1). [mutagenic meat]
 11778 | D:11     | Gained mutation: You are dopey. (Int -2) [mutagenic meat]
 12052 | D:11     | Found a staircase to the Orcish Mines.
 12203 | D:12     | Noticed Urug
 12378 | D:12     | Killed Urug
 12430 | D:12     | Found a burning altar of Makhleb.
 12468 | D:12     | Noticed Frances
 12475 | D:12     | Noticed a sun demon
 12484 | D:12     | Killed Frances
 12484 | D:12     | Reached skill level 10 in Evocations
 12484 | D:12     | Reached XP level 12. HP: 23/68 MP: 19/19
 13316 | D:12     | Found Qoodus's Antique Armour Shop.
 13497 | D:12     | Found a portal to a secret trove of treasure.
 13599 | D:12     | Identified a scroll of acquirement
 13600 | D:12     | Got a transparent hunting sling
 13726 | D:13     | Found a gate to the Vaults.
 13726 | D:13     | Noticed an eight-headed hydra
 13726 | D:13     | Noticed Norris
 13726 | D:13     | Noticed Donald
 14026 | D:7      | Identified the +11 hunting sling "Segicram" {velocity, rF- Int+5} (You acquired it on level 12 of the Dungeon)
 14154 | Orc:1    | Entered Level 1 of the Orcish Mines
 14470 | Orc:2    | Found Qorrah's General Store.
 14536 | Orc:2    | Bought a potion of heal wounds for 75 gold pieces
 14536 | Orc:2    | Bought a scroll of enchant weapon for 112 gold pieces
 15183 | Orc:2    | Reached ***** piety under Fedhas
 15393 | Orc:3    | Found a roughly hewn altar of Beogh.
 15415 | Orc:3    | Found a staircase to the Elven Halls.
 15990 | Orc:4    | Entered Level 4 of the Orcish Mines
 16073 | Orc:4    | Killed an orc high priest
 16082 | Orc:4    | Noticed an orc high priest
 16090 | Orc:4    | Killed an orc high priest
 16090 | Orc:4    | Reached XP level 13. HP: 27/72 MP: 21/21
 16112 | Orc:4    | Reached skill level 13 in Stealth
 16273 | Orc:4    | Reached skill level 10 in Slings
 16325 | Orc:4    | Reached skill level 10 in Shields
 16373 | Orc:4    | Found Heegutow's Magic Scroll Shop.
 16373 | Orc:4    | Found Ciasoufoj's Antique Weapon Shop.
 16374 | Orc:4    | Found Fouff's Antique Armour Shop.
 16374 | Orc:4    | Found Rep Nuph's Antique Weapon Boutique.
 16386 | Orc:4    | Bought a scroll of fear for 52 gold pieces
 16386 | Orc:4    | Bought a scroll of blinking for 112 gold pieces
 16386 | Orc:4    | Bought a scroll of identify for 30 gold pieces
 16386 | Orc:4    | Bought a scroll of identify for 30 gold pieces
 16386 | Orc:4    | Bought a scroll of identify for 30 gold pieces
 16386 | Orc:4    | Bought a scroll of identify for 30 gold pieces
 16873 | Lair:1   | Entered Level 1 of the Lair of Beasts
 17027 | Lair:1   | Reached ****** piety under Fedhas
 18774 | Lair:3   | Found a labyrinth entrance.
 18801 | Lair:3   | Learned a level 3 spell: Regeneration
 18805 | Lair:3   | Learned a level 3 spell: Recall
 18811 | Lair:3   | Learned a level 5 spell: Phase Shift
 18813 | Lab      | Entered a labyrinth
 19034 | Lab      | Noticed a minotaur
 19068 | Lab      | Killed a minotaur
 19093 | Lab      | Identified a +1 rod of inaccuracy (2/12) (You took it off a minotaur in a labyrinth)
 19109 | Lab      | Identified Sif Muna's Volume of Boosting Curses
 19409 | Lair:3   | Reached skill level 1 in Necromancy
 19534 | Lair:3   | Reached skill level 1 in Summonings
 19685 | Lair:3   | Reached skill level 1 in Charms
 19685 | Lair:3   | Reached XP level 14. HP: 79/79 MP: 22/22
 19857 | Lair:3   | Gained mutation: You are mostly covered in icy blue scales (AC +3, EV -1). [potion of mutation]
 19857 | Lair:3   | Gained mutation: You expend magic power (3 MP) to strengthen your wands. [potion of mutation]
 19857 | Lair:3   | Lost mutation: You are dopey. (Int -2) [potion of mutation]
 19909 | Lair:3   | Reached skill level 1 in Translocations
 19928 | Lair:3   | Reached skill level 1 in Spellcasting
 21016 | Lair:4   | Learned a level 2 spell: Song of Slaying
 21042 | Lair:4   | Found a staircase to the Shoals.
 21475 | Lair:5   | Found a dark tunnel.
 21492 | Volcano  | Entered a volcano
 21603 | Volcano  | Found a radiant altar of Vehumet.
 21627 | Volcano  | Found a burning altar of Makhleb.
 22936 | Lair:6   | Reached skill level 14 in Stealth
 23070 | Lair:6   | Found a staircase to the Snake Pit.
 23905 | Lair:7   | Found a staircase to the Slime Pits.
 24020 | Lair:7   | Reached skill level 10 in Invocations
 24297 | Lair:7   | Reached XP level 15. HP: 83/83 MP: 24/24
 24353 | Lair:7   | Learned a level 2 spell: Repel Missiles
 24356 | Lair:7   | Learned a level 2 spell: Swiftness
 24690 | Lair:7   | Found a sparkling altar of Nemelex Xobeh.
 24695 | Lair:7   | Reached skill level 1 in Air Magic
 24846 | Lair:8   | Entered Level 8 of the Lair of Beasts
 25838 | Lair:8   | Found a viscous altar of Jiyva.
 26972 | Elf:1    | Entered Level 1 of the Elven Halls
 27219 | Elf:1    | Noticed Aizul
 27300 | Elf:2    | Reached XP level 16. HP: 76/89 MP: 20/25
 27762 | Elf:3    | Entered Level 3 of the Elven Halls
 27762 | Elf:3    | Noticed 4thArraOfDagon's ghost (journeyman FeFi)
 28018 | Elf:3    | Noticed a deep elf master archer
 28053 | Elf:3    | Killed a deep elf master archer
 28193 | Elf:3    | Noticed a Hell Sentinel
 28281 | Elf:3    | Noticed a deep elf blademaster
 28285 | Elf:3    | Killed a deep elf blademaster
 28285 | Elf:3    | Reached skill level 5 in Necromancy
 28295 | Elf:3    | Noticed a deep elf master archer
 28296 | Elf:3    | Noticed a Hell Sentinel
 28518 | Elf:3    | Killed 4thArraOfDagon's ghost
 28620 | Elf:3    | Reached skill level 5 in Air Magic
 29435 | Elf:3    | Reached skill level 5 in Charms
 29453 | Elf:3    | Noticed a deep elf blademaster
 29562 | Elf:3    | Noticed a deep elf master archer
 29698 | Elf:3    | Reached skill level 10 in Dodging
 29803 | Elf:3    | Killed a deep elf blademaster
 29859 | Elf:3    | Reached XP level 17. HP: 83/101 MP: 20/27
 29959 | Elf:3    | Killed a deep elf master archer
 29967 | Elf:3    | Killed a deep elf master archer
 29967 | Elf:3    | Reached skill level 5 in Summonings
 30100 | Elf:3    | Reached skill level 5 in Fighting
 30256 | Elf:3    | Identified the Grimoire of Execration
 30397 | Elf:3    | Identified the Disquisition on Feathers
 30400 | Elf:3    | Got a warped bronze ring
 30402 | Elf:3    | Identified the ring "Sueziw" {+Fly rC++ Str+3 Int-4 Dex+2} (You found it on level 3 of the Elven Halls)
 30425 | Elf:3    | Learned a level 6 spell: Deflect Missiles
 30434 | Elf:3    | Identified the Guide on Dark Arts (You found it on level 3 of the Elven Halls)
 30561 | Elf:3    | Upgraded the game from 0.18-a0-739-gdae9da8 to 0.18-a0-750-g37044d6
 30894 | Snake:1  | Entered Level 1 of the Snake Pit
 31003 | Snake:1  | Reached skill level 15 in Stealth
 31064 | Snake:1  | Reached skill level 5 in Translocations
 32914 | Snake:3  | Reached skill level 5 in Spellcasting
 32951 | Snake:3  | Lost mutation: You passively map a small area around you. [mutagenic meat]
 32952 | Snake:3  | Gained mutation: Your system is resistant to poisons. [mutagenic meat]
 32953 | Snake:3  | Gained mutation: You have a pair of small antennae on your head. [mutagenic meat]
 33747 | Snake:3  | Reached XP level 18. HP: 106/110 MP: 21/28
 34113 | Snake:4  | Entered Level 4 of the Snake Pit
 34187 | Snake:4  | Learned a level 3 spell: Mephitic Cloud
 34259 | Snake:4  | Noticed Vashnia
 34894 | Snake:4  | Reached skill level 1 in Conjurations
 35434 | Snake:4  | Gained mutation: Your flesh is cold resistant. [mutagenic meat]
 35436 | Snake:4  | Gained mutation: You are resistant to electric shocks. [mutagenic meat]
 35437 | Snake:4  | Gained mutation: You occasionally shout uncontrollably at your foes. [mutagenic meat]
 36486 | Snake:4  | Gained mutation: You are somewhat resistant to further mutation. [mutagenic meat]
 36712 | Snake:4  | Noticed Agnes
 36728 | Snake:4  | Killed Agnes
 37155 | Snake:4  | Reached XP level 19. HP: 119/119 MP: 30/30
 37715 | Snake:4  | Got a serpentine rune of Zot
 38008 | Snake:1  | Lost mutation: You occasionally shout uncontrollably at your foes. [potion of cure mutation]
 38008 | Snake:1  | Lost mutation: You expend magic power (3 MP) to strengthen your wands. [potion of cure mutation]
 38008 | Snake:1  | Lost mutation: You are resistant to hostile enchantments. [potion of cure mutation]
 38479 | Elf:3    | Learned a level 3 spell: Summon Guardian Golem
 38809 | Orc:1    | Found a bloodstained altar of Trog.
 39666 | D:13     | Gained mutation: You are agile. (Dex +2) [mutagenic meat]
 40247 | D:13     | Killed Donald
 40359 | D:13     | Killed Norris
 40359 | D:13     | Reached skill level 15 in Evocations
 40697 | D:13     | Reached skill level 1 in Poison Magic
 40858 | D:13     | Identified the Tome of Creative Weightlessness
 41033 | D:13     | Found Sew Osk's Magic Scroll Shoppe.
 41041 | D:13     | Bought a scroll of enchant weapon for 112 gold pieces
 41041 | D:13     | Bought a scroll of identify for 30 gold pieces
 41041 | D:13     | Bought a scroll of recharging for 142 gold pieces
 41041 | D:13     | Bought a scroll of identify for 30 gold pieces
 41653 | D:14     | Found Fuas's Armour Boutique.
 41956 | D:15     | Entered Level 15 of the Dungeon
 42518 | D:15     | Gained mutation: You tend to lose your temper in combat. [potion of mutation]
 42788 | D:15     | Gained mutation: Your spells are a little harder to cast, but a little more powerful. [mutagenic meat]
 42789 | D:15     | Lost mutation: You are agile. (Dex +2) [mutagenic meat]
 42794 | D:15     | Lost mutation: Your flesh is cold resistant. [mutagenic meat]
 42936 | D:15     | Found a staircase to the Depths.
 43058 | Depths:1 | Entered Level 1 of the Depths
 43164 | Depths:1 | Found a one-way gate to the infinite horrors of the Abyss.
 43196 | Depths:1 | Noticed Rupert
 43201 | Depths:1 | Noticed Wiglaf
 43216 | Depths:1 | Killed Wiglaf
 43441 | Depths:1 | Reached XP level 20. HP: 88/128 MP: 22/31
 44170 | Depths:1 | Killed Rupert
 44589 | Depths:1 | Found a gateway to Hell.
 44892 | Depths:1 | Gained mutation: You have a pair of antennae on your head. [mutagenic meat]
 44897 | Depths:1 | Lost mutation: You are resistant to electric shocks. [mutagenic meat]
 44990 | Depths:2 | Reached skill level 16 in Stealth
 45005 | Depths:2 | Slain by a spark wasp simulacrum

Vault maps used:
D:1:      onia_arrival_pentagram
D:2:      marbit_many_paths, first_bread
D:3:      grunt_pakellas_basics
D:4:      serial_shops, kennysheep_little_box
D:6:      temple_doors_e, nicolae_ru_the_path_less_chosen
D:7:      kennysheep_mini_moat, gammafunk_temple_overflow_elements
D:8:      hangedman_cross_cluster, demons_altar, serial_shops, shop
D:9:      zin_statuary, vehumet_altar_wand_db
D:10:     uniq_harold, uniq_erica
D:11:     erik_lair_orcish_takeover, david_orc_4, hangedman_fish_farm
D:12:     serial_shops, nicolae_shop_stone, basic_altar, enter_trove_1,
          uniq_urug, uniq_frances
D:13:     minmay_concentric_multi, david_vaults_3, serial_shops, shop
D:14:     serial_shops, shop, kennysheep_generic_room_5
D:15:     grunt_enter_depths_hoard, amethyst_killhole,
          einodemon_crawler_minivault
Temple:   jpeg_temple_clearing_12
Lair:2:   eino_small_chamber_without_monster, lemuel_fruit_tree
Lair:3:   lab_entry_generic, serial_bayou_shore_b, lemuel_fruit_fields
Lair:4:   gammafunk_lair_enchanted_lake, shoals_dummy_entry
Lair:5:   nicolae_volcano_entry_batcave, nicolae_quartered_pool_medium
Lair:6:   dpeg_oklob_gauntlet, guppyfry_snake_entry_island, beast_lair_carwin_1
Lair:7:   nicolae_slime_entry_slimehenge, basic_altar, roderic_lost_polar_bear
Lair:8:   guppyfry_lair_end_dragon, special_room, serial_bayou_ford_a,
          serial_bayou_shore_b, grunt_megastairs_5
Snake:1:  nicolae_large_snake_swirl
Snake:2:  kennysheep_six_static_rooms, uniq_jorgrun
Snake:4:  snake_pit_salamanders_mu, spider_trap, grunt_megastairs_3,
          uniq_vashnia, uniq_agnes
Orc:1:    roderic_batcave, trog_hazing_becter
Orc:2:    serial_shops, nicolae_shop_stone, nooodl_orcs_dogs
Orc:3:    nicolae_orc_pool_cavern, mines1_david
Orc:4:    st_orc_pillars, mines4_lemuel
Elf:1:    evilmike_minifort, uniq_aizul
Elf:2:    minivault_16, solitary_fountain, abandoned_shop
Elf:3:    minmay_elf_hall_four_x, roderic_roman_lattice
Depths:1: hell_entry, roderic_lattice_a, abyss_entry, sword_in_stone
Depths:2: minmay_skeletal_surprise, serial_shops, shop, shop,
          nicolae_shop_crystal, hell_entry, rand_demon_pan_entry_3,
          minmay_misc_feat_pillars, minmay_staircase_statues_hall_small
Lab:      labyrinth_spiral, nicolae_lab_x, lab_fountain, labyrinth_glass_2,
          lab_hedge, nicolae_lab_flowing_pool, nicolae_lab_quarters,
          labyrinth_skeletal_remains, lab_statue, labyrinth_fake_exit,
          nicolae_lab_stuck
Volcano:  volcano_grotto

Action                   |  1- 3 |  4- 6 |  7- 9 | 10-12 | 13-15 | 16-18 | 19-21 || total
-------------------------+-------+-------+-------+-------+-------+-------+-------++-------
Melee: Short sword       |    42 |     6 |    12 |       |     5 |    14 |       ||    79
       Trident           |       |    26 |   283 |     8 |       |       |       ||   317
       Hunting sling     |       |       |       |     1 |       |       |       ||     1
       Quick blade       |       |       |       |       |       |    37 |  1217 ||  1254
 Fire: Hunting sling     |       |       |    10 |  1043 |  1588 |  1830 |   334 ||  4805
 Cast: Regeneration      |       |       |       |       |     4 |    48 |    22 ||    74
       Repel Missiles    |       |       |       |       |     1 |     8 |     1 ||    10
       Swiftness         |       |       |       |       |       |     5 |     1 ||     6
       Recall            |       |       |       |       |       |     1 |       ||     1
       Mephitic Cloud    |       |       |       |       |       |       |    24 ||    24
Invok: Evolution         |       |       |     9 |    15 |    17 |    29 |    14 ||    84
       Sunlight          |       |       |     1 |     5 |     2 |    11 |    12 ||    31
       Reproduction      |       |       |       |     1 |     7 |     9 |       ||    17
       Rain              |       |       |       |       |     6 |     7 |       ||    13
       Growth            |       |       |       |       |       |       |     1 ||     1
 Abil: Evoke Invisibilit |       |       |     1 |       |     1 |       |       ||     2
Evoke: Wand              |     4 |    21 |     1 |    10 |     8 |    20 |     5 ||    69
       Rod               |       |       |       |       |     4 |    30 |    28 ||    62
       Fan of gales      |       |       |       |       |       |     1 |       ||     1
  Use: Scroll            |       |       |    10 |     8 |     6 |    16 |    15 ||    55
       Potion            |       |       |    11 |     7 |     2 |     5 |    11 ||    36
 Stab: Sleeping          |     5 |     9 |    46 |       |     2 |     5 |    17 ||    84
       Confused          |       |       |     2 |       |       |       |     9 ||    11
       Invisible         |       |       |     2 |       |       |       |       ||     2
       Distracted        |       |       |       |       |       |       |     4 ||     4
       Fleeing           |       |       |       |       |       |       |     1 ||     1
  Eat: Chunk             |       |     5 |     2 |     5 |     4 |    15 |    50 ||    81
       Meat ration       |       |       |     2 |     2 |     6 |     5 |     4 ||    19
       Bread ration      |       |       |     1 |     3 |       |       |     1 ||     5
       Beef jerky        |       |       |     1 |     1 |     1 |       |     3 ||     6
       Pizza             |       |       |     1 |       |       |     6 |       ||     7
       Royal jelly       |       |       |       |       |     1 |       |       ||     1
